 Dungeon Sprint DCSS version 0.29-a0-802-g34511f41fd (webtiles) character file.

Game seed: 1486804807321764431

28734 mhtbhm the Ninja (level 13, -6/91 HPs)
             Began as a Spriggan Enchanter on July 3, 2022.
             Was the Champion of Dithmenos.
             Mangled by a spriggan rider
             ... wielding a +0 spear
              (26 damage)
             ... in the Dungeon (Sprint IV: "Fedhas' Mad Dash").
             The game lasted 00:08:50 (2962 turns).

mhtbhm the Ninja (Spriggan Enchanter)               Turns: 2962, Time: 00:08:51

Health: -6/91      AC:  7    Str:  4    XL:     13   Next: 11%
Magic:  25/32      EV: 21    Int: 17    God:    Dithmenos [******]
Gold:   206        SH:  0    Dex: 20    Spells: 27/40 levels left

rFire   . . .      SeeInvis +   a - +3 dagger (speed)
rCold   + . .      Faith    .   (no shield)
rNeg    . . .      Spirit   .   b - +1 faerie dragon scales {*Slow rC+ Will+ rCorr}
rPois   .          Reflect  .   (helmet restricted)
rElec   .          Harm     .   (no cloak)
rCorr   +          Rampage  .   (gloves unavailable)
Will    +++..      NoTele   +   (boots unavailable)
Stlth   ..........              h - amulet of invisibility {+Inv}
HPRegen 0.25/turn               (no ring)
MPRegen 0.23/turn               (no ring)

@: berserking, confusing by touch, very slightly contaminated, slowed, wreathed
by umbra, invisible, very quick
A: very small, no large weapons, unfitting armour, see invisible, speed 3
a: Renounce Religion, Evoke Invisibility, Shadow Step, Shadow Form


You were in the Dungeon.
You worshipped Dithmenos.
Dithmenos was exalted by your worship.
You visited 1 branch You collected 486 gold pieces.
You spent 280 gold pieces at shops.

Inventory:

Hand Weapons
 a - a +3 dagger of speed (weapon)
 l - the +4 dagger of Fose {vorpal, rElec rF- rC++ SInv}
   (You found it in the Dungeon)

   It inflicts extra damage upon your enemies.
   rF:        It makes you vulnerable to fire.
   rC:        It greatly protects you from cold.
   rElec:     It insulates you from electricity.
   SInv:      It lets you see invisible.
Armour
 b - the +1 faerie dragon scales (worn) {*Slow rC+ Will+ rCorr}
   (You took it off the Enchantress in the Dungeon)

   rC:        It protects you from cold.
   rCorr:     It protects you from acid and corrosion.
   *Slow:     It may slow you when you take damage.
   Will:      It increases your willpower.
Jewellery
 h - the amulet of invisibility (around neck) {+Inv}
   (You found it in the Dungeon)

   [amulet of nothing]

   +Inv:      It lets you turn invisible.
 m - the amulet "Geebb" {Faith Will+}
   (You found it in the Dungeon)

   [amulet of faith]

   It allows you to gain divine favour quickly.
   Will:      It increases your willpower.
 o - the amulet of the Doge {Reflect SH+5 SInv}
   (You found it in the Dungeon)

   [amulet of reflection]

   It reflects blocked missile attacks.
   SInv:      It lets you see invisible.
   SH:        It affects your SH (+5).
Scrolls
 i - a scroll of blinking
Potions
 c - 2 potions of invisibility
 d - a potion of curing
 g - 2 potions of magic
 j - a potion of brilliance {unknown}
 p - a potion of lignification {unknown}
Miscellaneous
 f - a phial of floods
 k - a tin of tremorstones (2/2)


   Skills:
 + Level 4.1 Fighting
 + Level 11.4 Short Blades
 + Level 0.1 Armour
 + Level 9.9 Dodging
 O Level 27 Stealth
 + Level 14.0 Spellcasting
 + Level 3.9 Conjurations
 + Level 14.9 Hexes
 * Level 17.3 Invocations
 + Level 15.9 Evocations


You had 27 spell levels left.
You knew the following spells:

 Your Spells              Type           Power      Damage    Failure   Level
a - Ensorcelled Hibernat  Hex/Ice        74%        N/A       1%          2
b - Confusing Touch       Hex            58%        N/A       1%          3
c - Tukima's Dance        Hex            58%        N/A       1%          3
d - Dazzling Flash        Conj/Hex       88%        N/A       1%          3
e - Blink                 Tloc           22%        N/A       21%         2

Your spell library contained the following spells:

 Spells                   Type           Power      Damage    Failure   Level
 Corpse Rot               Necr/Pois/Air  11%        N/A       80%         4
 Dispel Undead            Necr           11%        3d9       80%         4
 Manifold Assault         Tloc           11%        N/A       98%         5
 Death Channel            Necr           5%         N/A       100%        6
 Storm Form               Tmut/Air       5%         N/A       100%        7


Dungeon Overview and Level Annotations

Branches:
Dungeon (1/1)

Altars:
Cheibriados
Dithmenos
Elyvilon
Gozag
Hepliaklqana
Kikubaaqudgha
Makhleb
Nemelex Xobeh
Okawaru
Qazlal
Ru
Sif Muna
Trog
Uskayaw
Vehumet
Wu Jian
Xom
Yredelemnul
Zin
The Shining One
Jiyva
Lugonu

Shops:
D **=??[[(?*=*?((!*?**(


Innate Abilities, Weirdness & Mutations

You are very small and have problems with some larger weapons.
You are too small for most types of armour.
You have supernaturally acute eyesight. (SInv)
You cover ground extremely quickly. (Speed+++)


Message History

You stick the queen bee like a pincushion!!!!!
You kill the queen bee!
Dithmenos accepts your kill.
The spriggan rider hits you with a +0 spear!
You feel yourself slow down.
Your Spellcasting skill increases to level 14!
Unknown command.
Casting: Ensorcelled Hibernation (safe; 1% risk of failure)
Confirm with . or Enter, or press ? or * to list all spells.
Casting: Dazzling Flash (safe; 1% risk of failure)
Press: ? - help, Dir - look around, f - activate
Okay, then.
Casting: Dazzling Flash (safe; 1% risk of failure)
Confirm with . or Enter, or press ? or * to list all spells.
Your hands begin to glow red.
The spriggan rider hits you with a +0 spear!!
You emit a cloud of dark smoke.
You hit the spriggan rider but do no damage.
The spriggan rider completely misses you.
You feel much better. The spriggan rider barely misses you.
The spriggan rider blocks your attack.
The spriggan rider hits you with a +0 spear.
You hit the spriggan rider but do no damage.
Your shadow barely misses the spriggan rider.
The spriggan rider blocks your attack.
The spriggan rider hits you with a +0 spear!!
The spriggan rider blocks your attack.
You hit the spriggan rider but do no damage.
Your shadow hits the spriggan rider with a dagger.
You closely miss the spriggan rider.
The spriggan rider is lightly wounded.
The spriggan rider hits you with a +0 spear!
* * * LOW HITPOINT WARNING * * *
You completely miss the spriggan rider.
The spriggan rider is lightly wounded.
A red film seems to cover your vision as you go berserk!
You feel yourself moving faster!
You feel mighty! The spriggan rider misses you.
The spriggan rider hits you with a +0 spear!!
You die...

#.............#####∩∩∩#.........
#################################
..♣.)♣..♣..♣.)♣..♣.)♣..♣..♣..♣..♣
......................).......)..
..♣.)♣..♣..♣.)♣..♣.)♣..♣..♣..♣..♣
######################## #######
# ######§§§§§#####
#########.....§§§§§.....
..............§§@§§.....
.......†......§§i§§.....
.........######§....####
.........# ####### ##########


You could see a spriggan rider.

Vanquished Creatures
  the Enchantress (D)
  Agnes (D)
  A ghost moth (D)
  4 spriggan defenders (D)
  4 spriggan berserkers (D)
  4 spriggan druids (D)
  25 oklob plants (D)
  A moth of wrath (D)
  4 demonic crawlers (D)
  3 burning bushes (D)
  3 wandering mushrooms (D)
  9 hornets (D)
  2 queen bees (D)
  4 scorpions (D)
  4 killer bees (D)
  5 oklob saplings (D)
  10 spriggans (D)
  A river rat (D)
  A rat (D)
  A ballistomycete spore (D)
88 creatures vanquished.

Vanquished Creatures (others)
  A ballistomycete spore (D)
  A bush (D)
2 creatures vanquished.

Grand Total: 90 creatures vanquished

Notes
Turn   | Place    | Note
-------+----------+-------------------------------------------
     0 | D        | mhtbhm the Spriggan Enchanter began the quest for the Orb.
     0 | D        | Reached XP level 1. HP: 9/9 MP: 5/5
    12 | D        | Reached skill level 5 in Stealth
    12 | D        | Reached XP level 2. HP: 9/13 MP: 7/7
   173 | D        | Learned a level 2 spell: Ensorcelled Hibernation
   176 | D        | Noticed an oklob sapling
   177 | D        | Killed an oklob sapling
   178 | D        | Reached skill level 7 in Stealth
   178 | D        | Reached XP level 3. HP: 16/16 MP: 7/9
   180 | D        | Noticed a scorpion
   180 | D        | Found the amulet of invisibility {+Inv}
   182 | D        | Killed a scorpion
   183 | D        | Reached skill level 8 in Stealth
   183 | D        | Reached XP level 4. HP: 21/21 MP: 7/11
   219 | D        | Found an opulent altar of Gozag.
   219 | D        | Found a hazy altar of Hepliaklqana.
   219 | D        | Found a burning altar of Makhleb.
   219 | D        | Found a sparkling altar of Nemelex Xobeh.
   219 | D        | Found a snail-covered altar of Cheibriados.
   219 | D        | Found a sacrificial altar of Ru.
   219 | D        | Found a shimmering blue altar of Sif Muna.
   219 | D        | Found a shimmering altar of Xom.
   219 | D        | Found a basalt altar of Yredelemnul.
   220 | D        | Found a viscous altar of Jiyva.
   220 | D        | Found a bloodstained altar of Trog.
   220 | D        | Found an ornate altar of the Wu Jian Council.
   221 | D        | Found an iron altar of Okawaru.
   221 | D        | Found a shadowy altar of Dithmenos.
   221 | D        | Found a glowing silver altar of Zin.
   222 | D        | Found an ancient bone altar of Kikubaaqudgha.
   222 | D        | Found a hide-covered altar of Uskayaw.
   223 | D        | Found a stormy altar of Qazlal.
   223 | D        | Found a white marble altar of Elyvilon.
   223 | D        | Found a glowing golden altar of the Shining One.
   224 | D        | Found a corrupted altar of Lugonu.
   224 | D        | Found a radiant altar of Vehumet.
   228 | D        | Reached skill level 10 in Stealth
   228 | D        | Reached skill level 5 in Spellcasting
   228 | D        | Reached skill level 1 in Evocations
   228 | D        | Reached XP level 5. HP: 24/24 MP: 9/13
   230 | D        | Became a worshipper of Dithmenos the Shadowed
   240 | D        | Reached skill level 5 in Dodging
   394 | D        | Reached skill level 11 in Stealth
   394 | D        | Reached skill level 1 in Invocations
   439 | D        | Noticed a queen bee
   446 | D        | Killed a queen bee
   446 | D        | Reached * piety under Dithmenos
   447 | D        | Reached skill level 13 in Stealth
   447 | D        | Reached skill level 10 in Hexes
   447 | D        | Reached XP level 6. HP: 28/28 MP: 13/16
   451 | D        | Reached ** piety under Dithmenos
   452 | D        | Reached XP level 7. HP: 32/32 MP: 14/18
   453 | D        | Reached skill level 14 in Stealth
   455 | D        | Noticed an oklob plant
   457 | D        | Killed an oklob plant
   458 | D        | Reached skill level 15 in Stealth
   458 | D        | Reached skill level 5 in Invocations
   458 | D        | Reached skill level 5 in Evocations
   489 | D        | Learned a level 3 spell: Confusing Touch
   493 | D        | Learned a level 3 spell: Tukima's Dance
   497 | D        | Learned a level 3 spell: Dazzling Flash
   501 | D        | Noticed a burning bush
   504 | D        | Killed a burning bush
   505 | D        | Reached skill level 16 in Stealth
   505 | D        | Reached XP level 8. HP: 37/37 MP: 18/20
   514 | D        | Noticed a burning bush
   514 | D        | Noticed an oklob plant
   515 | D        | Noticed a wandering mushroom
   516 | D        | Killed a burning bush
   516 | D        | Reached *** piety under Dithmenos
   517 | D        | Reached skill level 17 in Stealth
   526 | D        | Killed an oklob plant
   527 | D        | Reached skill level 5 in Short Blades
   527 | D        | Reached skill level 18 in Stealth
   530 | D        | Killed a wandering mushroom
   531 | D        | Reached XP level 9. HP: 40/40 MP: 16/22
   537 | D        | Learned a level 2 spell: Blink
   586 | D        | Noticed a spriggan druid
   587 | D        | Killed a spriggan druid
   587 | D        | Reached **** piety under Dithmenos
   588 | D        | Reached skill level 1 in Fighting
   588 | D        | Reached skill level 20 in Stealth
   606 | D        | Noticed an oklob plant conjurer
   607 | D        | Killed an oklob plant conjurer
   687 | D        | Found Xiryl's Antique Weapon Shop.
   687 | D        | Found Unyat's Antique Weapon Emporium.
   696 | D        | Noticed a burning bush
   696 | D        | Noticed a wandering mushroom
   697 | D        | Noticed a wandering mushroom
   698 | D        | Killed a burning bush
   699 | D        | Reached skill level 21 in Stealth
   699 | D        | Killed a wandering mushroom
   710 | D        | Reached ***** piety under Dithmenos
   723 | D        | Found Qoonn's Assorted Antiques.
   723 | D        | Found Cazimn's Magic Scroll Shoppe.
   726 | D        | Identified the +4 dagger of Fose {vorpal, rElec rF- rC++
                  | SInv}
   988 | D        | Noticed an oklob plant
   988 | D        | Noticed an oklob plant summoner
   989 | D        | Noticed an oklob plant shifter
   993 | D        | Killed an oklob plant
   994 | D        | Reached skill level 22 in Stealth
   994 | D        | Reached XP level 10. HP: 45/45 MP: 20/23
   995 | D        | Killed an oklob plant summoner
   998 | D        | Killed an oklob plant shifter
  1003 | D        | Reached skill level 23 in Stealth
  1003 | D        | Reached skill level 10 in Invocations
  1044 | D        | Noticed a spriggan rider
  1055 | D        | Found Wavojein's General Store.
  1056 | D        | Killed a spriggan rider
  1060 | D        | Found Fawohuam's Antique Weapon Shoppe.
  1087 | D        | Bought a runed dagger for 155 gold pieces
  1108 | D        | Noticed Agnes
  1109 | D        | Found Lujauc's Distillery.
  1109 | D        | Found Puivo Menos's General Store.
  1110 | D        | Killed Agnes
  1111 | D        | Reached skill level 24 in Stealth
  1111 | D        | Reached skill level 1 in Conjurations
  1114 | D        | Noticed a spriggan berserker
  1116 | D        | Killed a spriggan berserker
  1117 | D        | Reached skill level 10 in Spellcasting
  1163 | D        | Noticed a spriggan defender
  1165 | D        | Identified the amulet "Geebb" {Faith Will+}
  1166 | D        | Killed a spriggan defender
  1167 | D        | Reached skill level 25 in Stealth
  1167 | D        | Reached skill level 10 in Evocations
  1167 | D        | Reached XP level 11. HP: 46/50 MP: 21/26
  1201 | D        | Noticed a spriggan rider
  1231 | D        | Killed a spriggan rider
  1231 | D        | Reached ****** piety under Dithmenos
  1469 | D        | Noticed a ghost moth
  1473 | D        | Found Ryubyrhado's Jewellery Emporium.
  1473 | D        | Found Axze's Assorted Antiques.
  1473 | D        | Found Neuss's General Store.
  1475 | D        | Killed a ghost moth
  1476 | D        | Reached skill level 26 in Stealth
  1579 | D        | Noticed an oklob plant shifter
  1579 | D        | Noticed an oklob plant meteorologist
  1583 | D        | Killed an oklob plant meteorologist
  1591 | D        | Killed an oklob plant shifter
  1726 | D        | Noticed a spriggan rider
  1730 | D        | Killed a spriggan rider
  1731 | D        | Reached skill level 27 in Stealth
  1782 | D        | Found Osiar's Magic Scroll Shoppe.
  1782 | D        | Found Goluyd's Antique Armour Boutique.
  1782 | D        | Found Oczil's Magic Scroll Shop.
  1782 | D        | Found Panomoopu's Antique Weapon Emporium.
  1782 | D        | Found Cylaschot's Armour Shoppe.
  1783 | D        | Found Tawus's General Store.
  1783 | D        | Found Diotira's Jewellery Shop.
  1783 | D        | Found Guloment's Magic Scroll Boutique.
  1808 | D        | Noticed an oklob plant summoner
  1809 | D        | Found Sinoat's General Store.
  1810 | D        | Found Anual's Magic Scroll Shop.
  1815 | D        | Killed an oklob plant summoner
  1821 | D        | Noticed an oklob plant demonologist
  1821 | D        | Noticed an oklob plant annihilator
  1822 | D        | Noticed a spriggan berserker
  1845 | D        | Killed a spriggan berserker
  2156 | D        | Killed an oklob plant annihilator
  2167 | D        | Killed an oklob plant demonologist
  2594 | D        | Identified the amulet of the Doge {Reflect SH+5 SInv}
  2645 | D        | Bought an ancient robe for 125 gold pieces
  2645 | D        | Identified the +0 robe of Pathos {rF- Dex+7} (You bought it
                  | in a shop in the Dungeon)
  2655 | D        | Noticed an oklob plant
  2655 | D        | Noticed an oklob plant
  2655 | D        | Noticed an oklob plant
  2655 | D        | Noticed an oklob plant
  2655 | D        | Noticed an oklob plant
  2655 | D        | Noticed an oklob plant
  2656 | D        | Noticed an oklob plant
  2657 | D        | Killed an oklob plant
  2658 | D        | Noticed an oklob plant
  2659 | D        | Killed an oklob plant
  2660 | D        | Noticed an oklob plant
  2661 | D        | Killed an oklob plant
  2662 | D        | Noticed an oklob plant
  2663 | D        | Killed an oklob plant
  2664 | D        | Reached XP level 12. HP: 56/56 MP: 26/29
  2749 | D        | Noticed a spriggan defender
  2749 | D        | Noticed a spriggan defender
  2751 | D        | Killed a spriggan defender
  2752 | D        | Reached skill level 15 in Invocations
  2752 | D        | Killed a spriggan defender
  2811 | D        | Reached skill level 10 in Short Blades
  2860 | D        | Noticed a spriggan defender
  2862 | D        | Killed a spriggan defender
  2863 | D        | Reached skill level 15 in Evocations
  2883 | D        | Noticed the Enchantress
  2885 | D        | Killed the Enchantress
  2886 | D        | Reached XP level 13. HP: 54/61 MP: 26/31
  2962 | D        | Mangled by a spriggan rider

Illustrated notes

Levels and vault maps discovered:
D:        dungeon_sprint_fedhas [sprint_temple]

Skill      XL: |  1  2  3  4  5  6  7  8  9 10 11 12 13 |
---------------+----------------------------------------+-----
Dodging        | 3 4 5 6 8 9 |  9.9
Stealth        | 5 7 8 10 13 16 18 22 25 27 | 27.0
Spellcasting   | 3 4 5 6 7 8 10 12 13 14 | 14.0
Hexes          | 4 6 7 8 10 11 12 13 14 | 14.9
Short Blades   | 2 3 4 5 6 7 8 11 | 11.4
Evocations     | 1 3 4 6 7 9 10 12 15 | 15.9
Invocations    | 3 4 6 7 9 11 13 16 17 | 17.3
Fighting       | 1 2 3 4 |  4.1
Conjurations   | 1 3 |  3.9
Armour         | |  0.1

Action                   |  1- 3 |  4- 6 |  7- 9 | 10-12 | 13-15 || total
-------------------------+-------+-------+-------+-------+-------++-------
Melee: Dagger            |     6 |     7 |    29 |    96 |    15 ||   153
       Punch             |       |       |       |     1 |       ||     1
 Cast: Confusing Touch   |       |       |     3 |     2 |     1 ||     6
       Ensorcelled Hiber |       |       |     1 |       |     1 ||     2
       Dazzling Flash    |       |       |       |     6 |       ||     6
Invok: Shadow Step       |       |       |     1 |    13 |     1 ||    15
       Shadow Form       |       |       |       |     1 |       ||     1
 Abil: Evoke Invisibilit |       |     3 |     2 |     4 |     1 ||    10
       End Transformatio |       |       |       |     1 |       ||     1
Evoke: Tin of tremorston |       |       |       |     1 |       ||     1
  Use: Potion            |     1 |       |       |     2 |     2 ||     5
 Stab: Sleeping          |     2 |     7 |    15 |    37 |     6 ||    67
       Invisible         |       |       |     2 |    21 |       ||    23
       Confused          |       |       |     2 |       |       ||     2
Armor: Robe              |       |       |     1 |       |       ||     1
Dodge: Dodged            |     1 |       |     9 |    15 |     5 ||    30

Table legend: (Time is in decaauts)
 A = Elapsed time spent in this place.
 B = Non-inter-level travel time spent in this place.
 C = Inter-level travel time spent in this place.
 D = Time resting spent in this place.
 E = Time spent auto-exploring this place.
 F = Levels seen in this place.
 G = Mean time per level.
                   A        B        C        D        E       F      G
               +--------+--------+--------+--------+--------+-----+--------+
         Total |   2586 |   2539 |     47 |   1864 |      0 |   1 | 2586.0 |
       Dungeon |   2586 |   2539 |     47 |   1864 |      0 |   1 | 2586.0 |
               +--------+--------+--------+--------+--------+-----+--------+

Top non-repeatable levels by time:
       D: 2586 daAuts
